 Dungeon Crawl Stone Soup version 0.31-a0-189-ga26ba32dd1 (webtiles) character file.

Game seed: 14832290396346061145

3889 qw the Markself (level 10, 0/57 HPs)
             Began as a Deep Elf Hunter on June 23, 2023.
             Was a Believer of Okawaru.
             Slain by a yak (4 damage)
             ... on level 7 of the Dungeon.
             The game lasted 00:02:21 (6173 turns).

qw the Markself (Deep Elf Hunter)                   Turns: 6173, Time: 00:02:22

Health: 0/57       AC: 11    Str: 12    XL:     10   Next: 0%
Magic:  13/15      EV: 17    Int: 15    God:    Okawaru [**....]
Gold:   423        SH:  5    Dex: 18    Spells: 9/9 levels left

rFire   + . .        a - +4 arbalest of Viny Tenacity {elec, rF+ rCorr SInv}
rCold   + . .        (shield currently unavailable)
rNeg    . . .        u - +4 ring mail {rC+}
rPois   +            t - +0 helmet
rElec   .            m - scarf {repulsion}
rCorr   +            (no gloves)
SInv    +            (no boots)
Will    ++...        r - amulet of reflection
Stlth   +++          k - ring of willpower
HPRegen 0.29/turn    e - ring of poison resistance
MPRegen 0.14/turn

%: repel missiles, reflection
@: heroic
A: no striking features
a: Renounce Religion, Heroism


You were on level 7 of the Dungeon.
You worshipped Okawaru.
Okawaru was pleased with you.
You visited 2 branches of the dungeon, and saw 8 of its levels.

You collected 449 gold pieces.
You spent 26 gold pieces at shops.


   Skills:
 - Level 4.2(9.2) Fighting
 + Level 15.6(20.6) Ranged Weapons
 - Level 1.0(6.0) Armour
 - Level 7.2(12.2) Dodging
 - Level 1.2(6.2) Stealth
 - Level 4.0 Invocations


You had 9 spell levels left.
You didn't know any spells.
Your spell library was empty.

Inventory:

Hand Weapons
 a - the +4 arbalest of Viny Tenacity (weapon) {elec, rF+ rCorr SInv}
   (You acquired it on level 1 of the Dungeon)

   rF:        It protects you from fire.
   SInv:      It lets you see invisible.
   rCorr:     It protects you from acid and corrosion.
Armour
 f - a +0 cloak
 g - +0 swamp dragon scales
 m - a scarf of repulsion (worn)
 t - a +0 helmet (worn)
 u - a +4 ring mail of cold resistance (worn)
Jewellery
 e - a ring of poison resistance (right hand)
 k - a ring of willpower (left hand)
 q - a ring of protection from fire
 r - an amulet of reflection (around neck)
 s - a ring of fire
 v - an amulet of magic regeneration
Scrolls
 h - 2 scrolls of enchant weapon
 j - a scroll of identify
 w - a scroll of revelation {unknown}
 y - a scroll of torment {unknown}
Potions
 b - a potion of mutation
 c - a potion of might
 d - 2 potions of curing
 i - 2 potions of resistance
 l - a potion of enlightenment
 n - a potion of ambrosia {unknown}
 o - a potion of brilliance {unknown}
 p - a potion of invisibility {unknown}
 x - a potion of attraction {unknown}

Dungeon Overview and Level Annotations

Branches:
Dungeon (7/15)             Temple (1/1) D:5

Altars:
Cheibriados
Dithmenos
Elyvilon
Fedhas
Gozag
Kikubaaqudgha
Makhleb
Nemelex Xobeh
Okawaru
Qazlal
Ru
Sif Muna
Trog
Uskayaw
Vehumet
Wu Jian
Xom
Yredelemnul
Zin
The Shining One

Shops:
D:1 ?   D:7 *

Annotations:
D:6 4 runed translucent doors


Message History

The wyvern closely misses you.
The orc wizard gestures wildly while chanting.
The orc wizard flickers and vanishes for a moment.
The wyvern completely misses you.
You shoot a bolt. The bolt hits the wyvern!
The wyvern is almost dead.
The wyvern bites you but does no damage.
You block the wyvern's attack.
You shoot a bolt. The bolt closely misses the wyvern.
The bolt hits the orc wizard!
Lightning courses through the orc wizard!!
You kill the orc wizard!
Okawaru accepts your kill. The yak closely misses you.
The wyvern barely misses you.
You shoot a bolt. The bolt hits the wyvern!!
You kill the wyvern!
Okawaru accepts your kill.
You feel like a meek peon again. The yak gores you.
You have reached level 10!
6168 ||| INVOKING Heroism.
You gain the combat prowess of a mighty hero.
The yak completely misses you.
You shoot a bolt. The bolt barely misses the yak.
The bolt hits the orc!!
Lightning courses through the orc!
You kill the orc!
Okawaru accepts your kill. The yak closely misses you.
You block the yak's attack.
You shoot a bolt. The bolt barely misses the yak.
The yak gores you. The yak misses you.
You shoot a bolt. The bolt hits the yak!
The yak is moderately wounded.
The yak gores you! The yak gores you.
You shoot a bolt. The bolt hits the yak.
The yak is heavily wounded.
The yak misses you. You block the yak's attack.
You shoot a bolt. The bolt hits the yak.
The yak is severely wounded.
The yak misses you. The yak gores you.
You die...

##
#.##...###
.#
#..#...#..
.#
##.)...#.#
.#
###)..#.#
.#
#....#.#
.#
#.#.##.#
##
#.#....#
#.#..###.#
#....@Y).#
######Y.##
o....
.##### .#
.. ##


You could see 2 yaks and an orc.

Vanquished Creatures
  A two-headed ogre (D:6)
  Maggie (D:6)
  Sigmund (D:5)
  A wyvern (D:7)
  4 yaks (D:7)
  Edmund (D:5)
  A water moccasin (D:6)
  A sky beast (D:7)
  An ice beast (D:6)
  A black bear (D:6)
  2 ogres
  Blork the orc (D:4)
  A gnoll sergeant (D:6)
  A bullfrog (D:6)
  A scorpion (D:6)
  4 howler monkeys
  2 jellies
  7 hounds
  Ijyb (D:4)
  3 orc priests
  2 gnoll boudas
  2 sleepcaps
  Terence (D:3)
  5 iguanas
  5 orc wizards
  7 adders
  12 gnolls
  A shadow imp (D:5)
  2 white imps
  2 ufetubi (D:6)
  3 worms
  A dart slug (D:5)
  25 orcs
  7 endoplasms
  4 giant cockroaches
  4 goblins
  9 hobgoblins
  10 jackals
  5 kobolds
  3 quokkas
  6 ball pythons
  2 bats
  2 frilled lizards (D:2)
  3 rats
159 creatures vanquished.

Notes
Turn   | Place    | Note
-------+----------+-------------------------------------------
     0 | D:1      | qw the Deep Elf Hunter began the quest for the Orb.
     0 | D:1      | Reached XP level 1. HP: 12/12 MP: 3/3
     0 | D:1      | 0 ||| qw: Version: 0.3-a-9-g12657ce
     0 | D:1      | 0 ||| qw: Game counter: 4464
     0 | D:1      | 0 ||| qw: Always use a shield: true
     0 | D:1      | 0 ||| qw: God list: Okawaru
     0 | D:1      | 0 ||| qw: Allow faded altars: false
     0 | D:1      | 0 ||| qw: Do Orc after D:15 true
     0 | D:1      | 0 ||| qw: Do second Lair branch before Depths: true
     0 | D:1      | 0 ||| qw: Lair rune preference: random
     0 | D:1      | 0 ||| qw: Plans: Normal
     0 | D:1      | 0 ||| PLANNING D:1-11
   235 | D:1      | Found Bialiah's Magic Scroll Shop.
   245 | D:1      | 245 ||| SHOPLISTING scroll of enchant armour (97 gold, have
                  | 31).
   245 | D:1      | 245 ||| SHOPLISTING scroll of enchant weapon (97 gold, have
                  | 31).
   245 | D:1      | 245 ||| BUYING scroll of identify (26 gold).
   245 | D:1      | Bought a scroll of identify for 26 gold pieces
   245 | D:1      | 245 ||| SHOPLISTING scroll of teleportation (39 gold, have
                  | 5).
   748 | D:1      | 748 ||| UPGRADING to ring of willpower.
   749 | D:1      | 749 ||| READING scroll labelled ZYTES HYULING.
   750 | D:1      | 750 ||| READING scroll labelled IRAYCZ GAYN.
   750 | D:1      | Identified a scroll of acquirement
   750 | D:1      | 750 ||| ACQUIRING +4 arbalest of Viny Tenacity {elec, rF+
                  | rCorr SInv}
   750 | D:1      | Acquired the +4 arbalest of Viny Tenacity {elec, rF+ rCorr
                  | SInv}
   752 | D:1      | 752 ||| SWAPPING to +4 arbalest of Viny Tenacity {elec, rF+
                  | rCorr SInv}.
   753 | D:1      | 753 ||| DROPPING +1 shortbow.
   754 | D:1      | 754 ||| READING 2 scrolls labelled HUNAEXT NYPTAR.
   755 | D:1      | 755 ||| READING scroll labelled ROTEPSO JIUHIL.
   756 | D:1      | 756 ||| READING 2 scrolls of identify.
   756 | D:1      | 756 ||| IDENTIFYING lumpy puce potion
   757 | D:1      | 757 ||| DROPPING scroll of butterflies.
   758 | D:1      | 758 ||| DROPPING scroll of blinking.
   794 | D:2      | Reached skill level 6 in Ranged Weapons
   794 | D:2      | Reached XP level 2. HP: 16/16 MP: 4/4
   874 | D:2      | Found a faded altar of an unknown god.
   946 | D:2      | Reached XP level 3. HP: 20/20 MP: 5/5
  1075 | D:2      | Reached skill level 7 in Ranged Weapons
  1537 | D:2      | 1537 ||| UPGRADING to +0 scale mail.
  1547 | D:2      | 1547 ||| DROPPING +0 leather armour.
  1548 | D:2      | 1548 ||| UPGRADING to +0 cloak.
  1553 | D:2      | 1553 ||| READING scroll labelled MUDDUICWOOMEO.
  1554 | D:2      | 1554 ||| READING scroll labelled OKLOECE HIALON.
  1555 | D:2      | 1555 ||| READING 2 scrolls of identify.
  1555 | D:2      | 1555 ||| IDENTIFYING viscous purple potion
  1556 | D:2      | 1556 ||| DROPPING potion of degeneration.
  2164 | D:3      | Reached XP level 4. HP: 25/25 MP: 6/6
  2164 | D:3      | Noticed Terence
  2168 | D:3      | Killed Terence
  2372 | D:3      | Reached skill level 8 in Ranged Weapons
  2775 | D:3      | 2775 ||| UPGRADING to +0 ring mail.
  2785 | D:3      | 2785 ||| DROPPING +0 scale mail.
  2786 | D:3      | 2786 ||| UPGRADING to ring of poison resistance.
  2787 | D:3      | 2787 ||| READING scroll labelled PORYOD ELARIMOM.
  2790 | D:3      | 2790 ||| READING scroll labelled TATTOU NISO.
  2791 | D:3      | 2791 ||| READING 2 scrolls of identify.
  2791 | D:3      | 2791 ||| IDENTIFYING silvery potion
  2868 | D:4      | Noticed Ijyb
  2871 | D:4      | 2871 ||| STAIRDANCE
  2949 | D:4      | Killed Ijyb
  2952 | D:4      | Reached XP level 5. HP: 29/29 MP: 7/7
  3037 | D:4      | Reached skill level 9 in Ranged Weapons
  3200 | D:4      | Noticed Blork the orc
  3202 | D:4      | 3202 ||| FLEEEEING.
  3203 | D:4      | 3203 ||| FLEEEEING.
  3204 | D:4      | 3204 ||| FLEEEEING.
  3208 | D:4      | Killed Blork the orc
  3209 | D:4      | Reached XP level 6. HP: 33/35 MP: 8/8
  3240 | D:4      | Found a glowing silver altar of Zin.
  3240 | D:4      | Found a basalt altar of Yredelemnul.
  3355 | D:4      | Identified the +9 dagger of the Bespelled God {heavy, rC+
                  | Int-3 SInv}
  3392 | D:4      | 3392 ||| UPGRADING to amulet of reflection.
  3397 | D:4      | 3397 ||| DRINKING 2 inky potions.
  3398 | D:4      | 3398 ||| READING 2 scrolls of identify.
  3398 | D:4      | 3398 ||| IDENTIFYING sapphire potion
  3417 | D:5      | Entered Level 5 of the Dungeon
  3438 | D:5      | Noticed Sigmund
  3439 | D:5      | 3439 ||| Stepping ~*~*~tactically~*~*~ (outnumbered).
  3443 | D:5      | Killed Sigmund
  3444 | D:5      | Reached skill level 10 in Ranged Weapons
  3445 | D:5      | Noticed Edmund
  3467 | D:5      | Killed Edmund
  3468 | D:5      | Reached XP level 7. HP: 40/40 MP: 9/9
  3608 | D:5      | Reached skill level 1 in Armour
  3629 | D:5      | HP: 10/40 [ogre/+0 giant club (30)]
  3630 | D:5      | 3630 ||| READING scroll of teleportation.
  3633 | D:5      | Reached skill level 11 in Ranged Weapons
  4109 | D:5      | Found a staircase to the Ecumenical Temple.
  4110 | D:5      | 4110 ||| PLANNING TEMPLE
  4110 | D:5      | 4110 ||| UPGRADING to +0 helmet.
  4115 | D:5      | 4115 ||| UPGRADING to +4 ring mail of cold resistance.
  4125 | D:5      | 4125 ||| DROPPING +0 ring mail.
  4134 | Temple   | Entered the Ecumenical Temple
  4171 | Temple   | 4171 ||| PLANNING OKAWARU WORSHIP
  4448 | Temple   | Became a worshipper of Warmaster Okawaru
  4449 | Temple   | 4449 ||| PLANNING D:1-11
  4566 | D:5      | 4566 ||| READING 3 scrolls of identify.
  4566 | D:5      | 4566 ||| IDENTIFYING golden potion
  4567 | D:5      | 4567 ||| READING 2 scrolls of identify.
  4567 | D:5      | 4567 ||| IDENTIFYING murky puce potion
  4568 | D:5      | 4568 ||| DROPPING potion of berserk rage.
  4577 | D:6      | Noticed Maggie
  4586 | D:6      | Killed Maggie
  4587 | D:6      | Reached skill level 12 in Ranged Weapons
  4587 | D:6      | Reached XP level 8. HP: 44/44 MP: 10/10
  4636 | D:6      | Reached * piety under Okawaru
  4637 | D:6      | Reached skill level 3 in Fighting
  4651 | D:6      | 4651 ||| INVOKING Heroism.
  4667 | D:6      | Reached skill level 13 in Ranged Weapons
  4667 | D:6      | Reached skill level 1 in Invocations
  4667 | D:6      | Found a large runed translucent door.
  4667 | D:6      | Found a large runed translucent door.
  4675 | D:6      | Noticed a two-headed ogre
  4738 | D:6      | Found a large runed translucent door.
  4738 | D:6      | Found a large runed translucent door.
  4751 | D:6      | 4751 ||| FLEEEEING.
  4755 | D:6      | 4755 ||| FLEEEEING.
  4759 | D:6      | 4759 ||| FLEEEEING.
  4762 | D:6      | 4762 ||| FLEEEEING.
  4763 | D:6      | 4763 ||| FLEEEEING.
  4764 | D:6      | 4764 ||| FLEEEEING.
  4765 | D:6      | 4765 ||| FLEEEEING.
  4766 | D:6      | 4766 ||| FLEEEEING.
  4767 | D:6      | 4767 ||| FLEEEEING.
  4768 | D:6      | 4768 ||| FLEEEEING.
  4769 | D:6      | 4769 ||| FLEEEEING.
  4770 | D:6      | 4770 ||| FLEEEEING.
  4771 | D:6      | 4771 ||| FLEEEEING.
  4772 | D:6      | 4772 ||| FLEEEEING.
  4773 | D:6      | 4773 ||| FLEEEEING.
  4774 | D:6      | 4774 ||| FLEEEEING.
  4775 | D:6      | 4775 ||| FLEEEEING.
  4788 | D:6      | 4788 ||| INVOKING Heroism.
  4790 | D:6      | Reached skill level 3 in Invocations
  4823 | D:6      | 4823 ||| DROPPING +2 scale mail of willpower.
  5056 | D:6      | 5056 ||| INVOKING Heroism.
  5080 | D:6      | 5080 ||| INVOKING Heroism.
  5114 | D:6      | 5114 ||| INVOKING Heroism.
  5119 | D:6      | Reached skill level 14 in Ranged Weapons
  5119 | D:6      | Reached XP level 9. HP: 46/50 MP: 11/14
  5130 | D:6      | Noticed a two-headed ogre
  5131 | D:6      | 5131 ||| INVOKING Heroism.
  5136 | D:6      | Killed a two-headed ogre
  5314 | D:6      | 5314 ||| INVOKING Heroism.
  5844 | D:6      | 5844 ||| UPGRADING to scarf of repulsion.
  5854 | D:6      | 5854 ||| DROPPING amulet of guardian spirit.
  5855 | D:6      | 5855 ||| DRINKING 2 red potions.
  5898 | D:6      | 5898 ||| DROPPING potion of lignification.
  5965 | D:7      | 5965 ||| INVOKING Heroism.
  5966 | D:7      | 5966 ||| Stepping ~*~*~tactically~*~*~ (outnumbered).
  5996 | D:7      | 5996 ||| FLEEEEING.
  6040 | D:7      | Found Otetus's Gadget Gallery.
  6075 | D:7      | Reached skill level 15 in Ranged Weapons
  6118 | D:7      | 6118 ||| INVOKING Heroism.
  6155 | D:7      | 6155 ||| INVOKING Heroism.
  6157 | D:7      | Reached ** piety under Okawaru
  6168 | D:7      | Reached XP level 10. HP: 19/57 MP: 15/15
  6168 | D:7      | 6168 ||| INVOKING Heroism.
  6171 | D:7      | HP: 6/57 [yak (9)]
  6173 | D:7      | Slain by a yak

Levels and vault maps discovered:
D:1:      sevenhm_arrival_forest_fort_large_4, layout_loops_ring, serial_shops,
          shop, bh_walls_and_bars
D:2:      layout_basic, hellmonk_ecumenical_altar_arch_garden,
          minmay_fractal_squares_5
D:3:      wad_river_or_something, layout_basic, uniq_terence
D:4:      layout_cave_pools, mainiacjoe_overflow_divided_tiny,
          uniq_blork_the_orc, uniq_ijyb
D:5:      layout_gridville, temple_fountains, hex_medium, uniq_edmund,
          uniq_sigmund
D:6:      layout_basic, serial_aquarium, aquarium_bridge_straight
          [aquarium_subvault_bridge, aquarium_subvault_wall,
          aquarium_subvault_bridge, aquarium_subvault_window],
          aquarium_window_corridor_2, aquarium_window_1, aquarium_window_1,
          aquarium_view_2b, aquarium_balcony_5a, aquarium_pool_S,
          minmay_hollow_rounded_squares, uniq_maggie
D:7:      layout_basic, nicolae_shop_gadgets
Temple:   hc_temple_tempest_star

Skill      XL: |  1  2  3  4  5  6  7  8  9 |
---------------+----------------------------+-----
Ranged Weapons | 6 7 8 9 10 12 14 15 | 15.6
Fighting       | 2 3 4 |  4.2
Dodging        | 4 7 |  7.2
Armour         | 1 |  1.0
Invocations    | 4 |  4.0
Stealth        | |  1.2

Action                     |  1- 3 |  4- 6 |  7- 9 | 10-12 || total
---------------------------+-------+-------+-------+-------++-------
  Melee: Unarmed           |       |     8 |       |       ||     8
   Fire: Shortbow          |     9 |       |       |       ||     9
         Arbalest          |    48 |    55 |   190 |     5 ||   298
 Invoke: Heroism           |       |       |    10 |     1 ||    11
    Use: Scroll            |     8 |     4 |     3 |       ||    15
         Potion            |       |     1 |     1 |       ||     2
   Stab: Confused          |       |     1 |       |       ||     1
 Armour: Scale mail        |     1 |     5 |       |       ||     6
         Leather armour    |     1 |       |       |       ||     1
         Ring mail         |       |     2 |    24 |       ||    26
  Dodge: Dodged            |     9 |    11 |    55 |     5 ||    80
  Block: Other             |       |       |    24 |     2 ||    26
         Reflection        |       |       |     1 |       ||     1

Table legend:
 A = Non-vault XP
 B = Vault XP
 C = Vault XP percentage of total XP
 D = Non-vault monster count
 E = Vault monster count
 F = Vault count percentage of total count
                 A         B        C        D         E       F
            +---------+---------+-------+---------+---------+-------
      Total |    3130 |    2426 |  43.7 |     126 |      33 |  20.8
            +---------+---------+-------+---------+---------+-------
        D:1 |       9 |       0 |   0.0 |       6 |       0 |   0.0
        D:2 |      50 |      16 |  24.2 |      13 |       7 |  35.0
        D:3 |      28 |      52 |  65.0 |      15 |      10 |  40.0
        D:4 |     155 |     140 |  47.5 |      15 |       2 |  11.8
        D:5 |     443 |     380 |  46.2 |      20 |       2 |   9.1
        D:6 |     839 |    1838 |  68.7 |      33 |      12 |  26.7
        D:7 |    1606 |       0 |   0.0 |      24 |       0 |   0.0
            +---------+---------+-------+---------+---------+-------
